 Dungeon Crawl Stone Soup version 0.23.0-3-gf3c87f2 (webtiles) character file.

Game seed: 1893897235221051997

4781 vishdafish the Blocker (level 10, 0/82 HPs)
             Began as a Gnoll Fighter on Feb 24, 2019.
             Was an Initiate of Gozag.
             Slain by a yak (10 damage)
             ... on level 7 of the Dungeon.
             The game lasted 00:11:56 (6728 turns).

vishdafish the Blocker (Gnoll Fighter)              Turns: 6728, Time: 00:11:57

Health: 0/82       AC:  9    Str: 21    XL:     10   Next: 47%
Magic:  17/17      EV: 11    Int: 12    God:    Gozag
Gold:   886        SH: 11    Dex: 14    Spells: 16/19 levels left

rFire    . . .     SeeInvis .   u - +2 hand axe (elec)
rCold    + . .     Gourm    .   c - +0 shield
rNeg     . . .     Faith    .   b - +0 scale mail
rPois    .         Spirit   .   (no helmet)
rElec    .         Reflect  .   g - +0 cloak
rCorr    .         Harm     .   (no gloves)
MR       .....                  (no boots)
Stlth    ++........             (no amulet)
HPRegen  0.23/turn              m - ring of protection from cold
MPRegen  0.15/turn              (no ring)

@: no status effects
A: distributed training, fangs 1, strong nose
a: Potion Petition, Call Merchant, Bribe Branch, Renounce Religion


You were on level 7 of the Dungeon.
You worshipped Gozag.
Gozag was pleased with you.
You were not hungry.

You visited 1 branch of the dungeon, and saw 7 of its levels.
You also visited: Sewer.

You collected 951 gold pieces.
You paid 65 gold pieces to Gozag.

Inventory:

Hand Weapons
 a - a +0 long sword
 d - a +0 halberd of venom
 u - a +2 hand axe of electrocution (weapon)
Missiles
 o - 2 curare-tipped needles
Armour
 b - a +0 scale mail (worn)
 c - a +0 shield (worn)
 g - a +0 cloak (worn)
Jewellery
 m - a ring of protection from cold (left hand)
 y - a cursed ring of teleportation
Wands
 l - a wand of disintegration (7)
 B - a wand of polymorph (12)
Scrolls
 e - a scroll of fog {unknown}
 i - 2 scrolls of blinking
 j - 2 scrolls of enchant armour
 k - a scroll of magic mapping
 n - 4 scrolls of teleportation
 q - a scroll of immolation
 z - a scroll of vulnerability {unknown}
 A - 3 scrolls of fear {unknown}
Potions
 h - 2 potions of might
 p - 2 potions of curing
 r - a potion of heal wounds {unknown}
 s - a potion of brilliance {unknown}
 t - a potion of lignification {unknown}
 v - 5 potions of haste
 w - a potion of berserk rage {unknown}
Comestibles
 f - 4 rations


   Skills:
 + Level 8.5 Fighting
 + Level 5.2 Short Blades
 + Level 7.0 Long Blades
 + Level 5.2 Axes
 + Level 5.2 Maces & Flails
 + Level 5.2 Polearms
 + Level 5.2 Staves
 + Level 5.2 Slings
 + Level 5.2 Bows
 + Level 5.2 Crossbows
 + Level 5.2 Throwing
 + Level 8.5 Armour
 + Level 5.2 Dodging
 + Level 5.2 Stealth
 + Level 8.5 Shields
 + Level 5.2 Unarmed Combat
 + Level 5.2 Spellcasting
 + Level 4.3 Conjurations
 + Level 4.3 Hexes
 + Level 4.3 Charms
 + Level 4.3 Summonings
 + Level 4.3 Necromancy
 + Level 4.3 Translocations
 + Level 4.3 Transmutations
 + Level 4.3 Fire Magic
 + Level 4.3 Ice Magic
 + Level 4.3 Air Magic
 + Level 4.3 Earth Magic
 + Level 4.3 Poison Magic
 + Level 5.7 Invocations
 + Level 5.2 Evocations


You had 16 spell levels left.
You knew the following spells:

 Your Spells              Type           Power        Failure   Level  Hunger
a - Regeneration          Chrm/Necr      ##........   50%         3    ###....

Your spell library contained the following spells:

 Spells                   Type           Power        Failure   Level  Hunger
 Animate Skeleton         Necr           N/A          19%         1    None
 Pain                     Necr           ##..         19%         1    None
 Vampiric Draining        Necr           ##........   50%         3    ###....
 Animate Dead             Necr           N/A          88%         4    ####...
 Excruciating Wounds      Chrm/Necr      ##........   99%         5    ######.
 Venom Bolt               Conj/Pois      ##........   99%         5    ######.
 Spellforged Servitor     Conj/Summ      ##........   100%        7    #######


Dungeon Overview and Level Annotations

Branches:
Dungeon (7/15)             Temple (0/1) D:7

Altars:
Cheibriados
Gozag
Ru
Trog
Wu Jian

Shops:
D:5 (


Innate Abilities, Weirdness & Mutations

Your experience applies equally to all skills.
You have very sharp teeth.
Your uncanny sense of smell can sniff out nearby items.


Message History

You hit the yak. You bite the yak.
The yak is heavily wounded.
The yak gores you!
* * * LOW HITPOINT WARNING * * *
You feel better. The yak gores you!
* * * LOW HITPOINT WARNING * * *
You feel better. You block the yak's attack.
Throwing (i - inventory)
x - a throwing net (quivered)
Press: ? - help, Shift-Dir - straight line, f - yak
Aim: a yak (heavily wounded)
You throw a throwing net. The throwing net barely misses the yak.
You block the yak's attack.
You slash the yak! Lightning courses through the yak!
The yak is almost dead.
The yak gores you but does no damage.
You hit the yak but do no damage.
The yak is almost dead.
The yak gores you!
You die...
Your body crumbles into a pile of gold.

#≈≈≈≈≈≈≈≈≈≈≈# #≈≈≈≈≈≈≈≈≈≈≈#
#≈≈≈≈≈≈≈≈≈≈≈# .
#≈≈≈#####≈≈≈# #.#
#≈≈≈#...####### ###...#
#≈≈≈#.>.......# ###Y.Y...#
#≈≈≈#...#####.# #....YY..#
#≈≈≈#####≈≈≈#.####.#.###.##
#≈≈≈≈≈≈≈≈≈≈≈#..@Y...(#
#≈≈≈≈≈≈≈≈≈≈≈#.###.....#
#≈≈≈≈≈≈≈≈≈≈≈#....∆....#
#############.###.....#
#.## #...<.##. #.#
#.....##. #.# ##.p####.
#.### #..# #. #...# #..# #.
#


You could see a yak.

Vanquished Creatures
  Harold (D:7)
  Pikel (D:7)
  5 yaks (D:7)
  Edmund (D:7)
  A sky beast (D:7)
  2 orc warriors (D:7)
  A slave (D:7)
  A black bear (D:5)
  3 phantoms
  3 ogres
  The ghost of MordorOrchid the Ruffian, an amateur DrTm (D:3)
  5 big kobolds
  Blork the orc (D:5)
  3 bullfrogs
  5 killer bees (D:7)
  A crimson imp (D:5)
  A bullfrog zombie (D:3)
  A jelly (D:5)
  4 hounds
  3 orc priests
  8 orc wizards
  A bullfrog skeleton (D:4)
  2 iguanas
  4 worker ants
  7 gnolls (D:4)
  A river rat (Sewer)
  14 adders
  A shadow imp (D:5)
  6 oozes
  An adder zombie (D:6)
  2 adder skeletons (D:3)
  6 worms
  3 dart slugs (D:1)
  6 leopard geckos
  17 orcs
  10 ball pythons
  8 giant cockroaches
  10 goblins
  3 hobgoblins
  14 jackals
  4 quokkas
  8 bats
  8 frilled lizards
  30 kobolds
  15 rats
  2 plants (D:7)
235 creatures vanquished.

Vanquished Creatures (others)
  A slave (D:7)
1 creature vanquished.

Grand Total: 236 creatures vanquished

Notes
Turn   | Place    | Note
-------+----------+-------------------------------------------
     0 | D:1      | vishdafish the Gnoll Fighter began the quest for the Orb.
     0 | D:1      | Reached XP level 1. HP: 23/23 MP: 1/1
    91 | D:1      | Reached XP level 2. HP: 27/29 MP: 2/2
   335 | D:1      | Reached XP level 3. HP: 35/35 MP: 3/3
   563 | D:1      | Reached skill level 1 in Invocations
   834 | D:2      | Found a snail-covered altar of Cheibriados.
  1230 | D:2      | Reached skill level 1 in Short Blades
  1230 | D:2      | Reached skill level 1 in Axes
  1230 | D:2      | Reached skill level 1 in Maces & Flails
  1230 | D:2      | Reached skill level 1 in Polearms
  1230 | D:2      | Reached skill level 1 in Staves
  1230 | D:2      | Reached skill level 1 in Slings
  1230 | D:2      | Reached skill level 1 in Bows
  1230 | D:2      | Reached skill level 1 in Crossbows
  1230 | D:2      | Reached skill level 1 in Throwing
  1230 | D:2      | Reached skill level 1 in Dodging
  1230 | D:2      | Reached skill level 1 in Stealth
  1230 | D:2      | Reached skill level 1 in Unarmed Combat
  1230 | D:2      | Reached skill level 1 in Spellcasting
  1230 | D:2      | Reached skill level 1 in Evocations
  1230 | D:2      | Reached XP level 4. HP: 39/41 MP: 5/5
  1618 | D:3      | Reached skill level 1 in Conjurations
  1618 | D:3      | Reached skill level 1 in Hexes
  1618 | D:3      | Reached skill level 1 in Charms
  1618 | D:3      | Reached skill level 1 in Summonings
  1618 | D:3      | Reached skill level 1 in Necromancy
  1618 | D:3      | Reached skill level 1 in Translocations
  1618 | D:3      | Reached skill level 1 in Transmutations
  1618 | D:3      | Reached skill level 1 in Fire Magic
  1618 | D:3      | Reached skill level 1 in Ice Magic
  1618 | D:3      | Reached skill level 1 in Air Magic
  1618 | D:3      | Reached skill level 1 in Earth Magic
  1618 | D:3      | Reached skill level 1 in Poison Magic
  1684 | D:3      | Reached XP level 5. HP: 38/47 MP: 5/7
  1825 | D:3      | Found an ornate altar of the Wu Jian Council.
  1837 | D:3      | Found a runed translucent gate.
  1837 | D:3      | Found a runed translucent gate.
  1842 | D:3      | Found a runed translucent gate.
  1843 | D:3      | Noticed MordorOrchid's ghost (amateur DrTm)
  2096 | D:3      | Killed MordorOrchid's ghost
  2096 | D:3      | Reached XP level 6. HP: 47/53 MP: 8/8
  2184 | D:4      | Reached skill level 5 in Long Blades
  2583 | D:4      | Identified the Disquisition on Destructive Self-Improvement
  2604 | D:4      | Noticed a phantom
  2634 | D:4      | Killed a phantom
  2634 | D:4      | Reached XP level 7. HP: 43/59 MP: 10/10
  2639 | D:4      | Learned a level 3 spell: Regeneration
  3385 | D:4      | Found a bloodstained altar of Trog.
  3489 | D:5      | Entered Level 5 of the Dungeon
  3624 | D:5      | Found a sacrificial altar of Ru.
  3742 | D:5      | Reached XP level 8. HP: 46/67 MP: 12/12
  3782 | D:5      | Found Waapesch's Antique Weapon Shop.
  3841 | D:5      | Found an opulent altar of Gozag.
  3874 | D:5      | Became a worshipper of Gozag Ym Sagoz the Greedy
  4081 | D:6      | Noticed Blork the orc
  4094 | D:5      | Killed Blork the orc
  4442 | D:6      | Found a glowing drain.
  4450 | Sewer    | Entered a sewer
  4885 | Sewer    | Reached XP level 9. HP: 72/72 MP: 14/14
  5116 | D:6      | Noticed Edmund
  5346 | D:7      | Killed Edmund
  5490 | D:7      | Noticed Harold
  5506 | D:7      | Killed Harold
  5506 | D:7      | Reached skill level 5 in Invocations
  5851 | D:7      | Reached XP level 10. HP: 17/80 MP: 17/17
  6607 | D:7      | Noticed Pikel
  6638 | D:7      | Killed Pikel
  6638 | D:7      | Reached skill level 5 in Short Blades
  6638 | D:7      | Reached skill level 5 in Axes
  6638 | D:7      | Reached skill level 5 in Maces & Flails
  6638 | D:7      | Reached skill level 5 in Polearms
  6638 | D:7      | Reached skill level 5 in Staves
  6638 | D:7      | Reached skill level 5 in Slings
  6638 | D:7      | Reached skill level 5 in Bows
  6638 | D:7      | Reached skill level 5 in Crossbows
  6638 | D:7      | Reached skill level 5 in Throwing
  6638 | D:7      | Reached skill level 5 in Dodging
  6638 | D:7      | Reached skill level 5 in Stealth
  6638 | D:7      | Reached skill level 5 in Unarmed Combat
  6638 | D:7      | Reached skill level 5 in Spellcasting
  6638 | D:7      | Reached skill level 5 in Evocations
  6666 | D:7      | Found a staircase to the Ecumenical Temple.
  6724 | D:7      | HP: 4/82 [yak (12)]
  6728 | D:7      | Slain by a yak

Skill      XL: |  1  2  3  4  5  6  7  8  9 10 |
---------------+-------------------------------+-----
Invocations    | 1 2 3 4 5 |  5.7
Short Blades   | 1 2 3 4 5 |  5.2
Axes           | 1 2 3 4 5 |  5.2
Maces & Flails | 1 2 3 4 5 |  5.2
Polearms       | 1 2 3 4 5 |  5.2
Staves         | 1 2 3 4 5 |  5.2
Slings         | 1 2 3 4 5 |  5.2
Bows           | 1 2 3 4 5 |  5.2
Crossbows      | 1 2 3 4 5 |  5.2
Throwing       | 1 2 3 4 5 |  5.2
Dodging        | 1 2 3 4 5 |  5.2
Stealth        | 1 2 3 4 5 |  5.2
Unarmed Combat | 1 2 3 4 5 |  5.2
Spellcasting   | 1 2 3 4 5 |  5.2
Evocations     | 1 2 3 4 5 |  5.2
Conjurations   | 1 2 3 4 |  4.3
Hexes          | 1 2 3 4 |  4.3
Charms         | 1 2 3 4 |  4.3
Summonings     | 1 2 3 4 |  4.3
Necromancy     | 1 2 3 4 |  4.3
Translocations | 1 2 3 4 |  4.3
Transmutations | 1 2 3 4 |  4.3
Fire Magic     | 1 2 3 4 |  4.3
Ice Magic      | 1 2 3 4 |  4.3
Air Magic      | 1 2 3 4 |  4.3
Earth Magic    | 1 2 3 4 |  4.3
Poison Magic   | 1 2 3 4 |  4.3
Long Blades    | 5 6 7 |  7.0
Fighting       | 7 8 |  8.5
Armour         | 7 8 |  8.5
Shields        | 7 8 |  8.5

Action                   |  1- 3 |  4- 6 |  7- 9 | 10-12 || total
-------------------------+-------+-------+-------+-------++-------
Melee: Long sword        |    96 |   161 |       |       ||   257
       Bite              |    10 |    28 |    42 |    18 ||    98
       Hand axe          |       |    10 |   402 |   103 ||   515
Throw: Throwing net      |       |       |     3 |     2 ||     5
Evoke: Wand              |       |       |    12 |       ||    12
  Use: Potion            |       |     1 |     1 |     3 ||     5
       Scroll            |       |       |    10 |       ||    10
 Stab: Held in net/web   |       |       |     2 |       ||     2
       Distracted        |       |       |     1 |     1 ||     2
  Eat: Chunk             |       |     5 |     5 |       ||    10
       Ration            |       |       |     2 |     1 ||     3
Armor: Scale mail        |    20 |    57 |   126 |    17 ||   220
Dodge: Dodged            |    28 |    57 |   111 |    26 ||   222
Block: Shield            |    69 |   114 |   229 |    55 ||   467
       Rpst.: Long sword |     5 |    26 |       |       ||    31
